 Dungeon Crawl Stone Soup version bcrawl-1.19.1 (webtiles) character file.

Game seed: 6733373203013405389

123 Ratty the Cutter (level 4, -2/40 HPs)
             Began as a Minotaur Archaeologist on Nov 30, 2019.
             Was a Follower of Yredelemnul.
             Slain by an orc (3 damage)
             ... on level 3 of the Dungeon.
             The game lasted 00:04:48 (2936 turns).

Ratty the Cutter (Minotaur Archaeologist)           Turns: 2936, Time: 00:04:49

Health: -2/40      AC: 13    Str: 13 (16) XL:     4   Next: 79%
Magic:  3/3        EV:  0    Int:  8 (11) God:    Yredelemnul [*.....]
Gold:   164        SH:  6    Dex:  6 (9)  Spells: 3/3 levels left

rFire    . . .     SeeInvis .   a - +0 whip
rCold    . . .     Gourm    .   p - +0 shield
rNeg     . . .     Faith    .   m - +0 plate armour
rPois    .         Spirit   .   (helmet unavailable)
rElec    .         Reflect  .   (no cloak)
rCorr    .         Harm     .   (no gloves)
MR       .....     Clarity  +   d - +2 pair of boots
Stlth    ..........             (no amulet)
HPRegen  0.00/turn              (no ring)
MPRegen  0.08/turn              (no ring)

@: lethally poisoned (-2 -> -7), studying Short Blades
A: retaliatory headbutt, horns 3, clarity, inhibited regeneration
a: Animate Remains, Renounce Religion


You were on level 3 of the Dungeon.
You worshipped Yredelemnul.
Yredelemnul was aware of your devotion.
You were not hungry.

You visited 1 branch of the dungeon, and saw 3 of its levels.

You collected 164 gold pieces.

Inventory:

Hand Weapons
 a - a +0 whip (weapon)
Armour
 b - a +1 robe
 c - a +1 hat
 d - a +2 pair of boots (worn)
 k - a +0 ring mail
 m - a +0 plate armour (worn)
 p - a +0 shield (worn)
Jewellery
 t - a cursed ring of teleportation
Scrolls
 i - a scroll of identify
 l - a scroll of enchant armour
Books
 e - a manual of Short Blades
Miscellaneous
 f - an ancient crate
Comestibles
 z - 3 rations {!d}


   Skills:
 - Level 3.7 Fighting
 + Level 5.3 Short Blades
 - Level 1.2 Maces & Flails
 - Level 3.2 Dodging
 - Level 2.6 Stealth


You had 3 spell levels left.
You didn't know any spells.
Your spell library was empty.

Dungeon Overview and Level Annotations

Branches:
Dungeon (3/12)

Altars:
Ashenzari
Kikubaaqudgha
Ru
Yredelemnul


Innate Abilities, Weirdness & Mutations

You reflexively headbutt those who attack you in melee.
You have a pair of large horns on your head.
You possess an exceptional clarity of mind.
You do not regenerate when monsters are visible.


Message History

You feel sick.
* * * LOW HITPOINT WARNING * * *
You feel sick.
* * * LOW HITPOINT WARNING * * *
You feel sick.
* * * LOW HITPOINT WARNING * * *
You feel sick.
* * * LOW HITPOINT WARNING * * *
You feel sick.
You open the door.
* * * LOW HITPOINT WARNING * * *
You feel sick.
There is an open door here.
* * * LOW HITPOINT WARNING * * *
You feel sick. The orc hits you but does no damage.
A kobold comes into view. It is wielding a -1 whip.
The kobold shouts!
The orc hits you.
You die...
Your body rises from the dead as a mindless zombie.

#....####+#.##.......#...#
#.........#+##.......#....
#....###.............#..).
#...H# #..................
#....# #..................
#....# #..................
#.#...H###..........##......
#......'..o.......K.........
###....###.@........#....##.
#....# #####......#.......
#....# #......#.......
###### #......#.......
#.....<#.......
...##......##......
.................##
...................
................###


You could see a hippogriff, an orc and a kobold.

Vanquished Creatures
  Terence (D:3)
  6 worms
  A dart slug (D:1)
  A leopard gecko (D:3)
  10 orcs
  4 bats
  A giant cockroach (D:1)
  6 hobgoblins
  4 jackals
  4 kobolds
  3 frilled lizards
  2 gnoll zombies (D:2)
  11 goblins
  7 rats
61 creatures vanquished.

Vanquished Creatures (collateral kills)
  Robin (D:3)
  A bat (D:3)
  3 goblins (D:3)
  2 hobgoblins (D:3)
  3 jackals (D:3)
  A quokka (D:3)
11 creatures vanquished.

Vanquished Creatures (others)
  A wight (D:3)
1 creature vanquished.

Grand Total: 73 creatures vanquished

Notes
Turn   | Place    | Note
-------+----------+-------------------------------------------
     0 | D:1      | Ratty the Minotaur Archaeologist began the quest for the
                  | Orb.
     0 | D:1      | Reached XP level 1. HP: 16/16 MP: 0/0
    75 | D:1      | Reached XP level 2. HP: 25/25 MP: 1/1
  1000 | D:2      | Reached XP level 3. HP: 33/33 MP: 2/2
  1071 | D:2      | Reached skill level 1 in Short Blades
  1123 | D:2      | Found a shattered altar of Ashenzari.
  1232 | D:2      | Reached skill level 2 in Short Blades
  1548 | D:2      | Found a basalt altar of Yredelemnul.
  1620 | D:2      | Became a worshipper of Yredelemnul the Dark
  1727 | D:3      | Reached skill level 3 in Short Blades
  1732 | D:3      | Noticed a hippogriff
  1741 | D:3      | Gained mutation: You are weak. (Str -2) [potion of
                  | mutation]
  1741 | D:3      | Gained mutation: You expend magic power (3 MP) to
                  | strengthen your wands. [potion of mutation]
  1741 | D:3      | Gained mutation: Your flesh is cold resistant. (rC+)
                  | [potion of mutation]
  2273 | D:3      | Identified the +1 helmet of the Empire {Int+5}
  2273 | D:3      | Noticed Robin
  2275 | D:3      | Reached XP level 4. HP: 40/40 MP: 3/3
  2281 | D:3      | Lost mutation: Your flesh is cold resistant. (rC+) [potion
                  | of mutation]
  2281 | D:3      | Lost mutation: You expend magic power (3 MP) to strengthen
                  | your wands. [potion of mutation]
  2281 | D:3      | Lost mutation: You are weak. (Str -2) [potion of mutation]
  2281 | D:3      | Gained mutation: You possess an exceptional clarity of
                  | mind. [potion of mutation]
  2281 | D:3      | Gained mutation: You do not regenerate when monsters are
                  | visible. [potion of mutation]
  2281 | D:3      | Gained mutation: You have a pair of large horns on your
                  | head. [potion of mutation]
  2331 | D:3      | Reached skill level 4 in Short Blades
  2366 | D:3      | Killed Robin
  2790 | D:3      | Reached * piety under Yredelemnul
  2867 | D:2      | Found a sacrificial altar of Ru.
  2867 | D:2      | Found an ancient bone altar of Kikubaaqudgha.
  2895 | D:3      | Noticed Terence
  2910 | D:3      | Killed Terence
  2910 | D:3      | Reached skill level 5 in Short Blades
  2932 | D:3      | HP: 2/40 [poisoned by Terence]
  2936 | D:3      | Slain by an orc

Skill      XL: |  1  2  3  4 |
---------------+-------------+-----
Fighting       | 2 3 |  3.7
Short Blades   | 3 5 |  5.3
Maces & Flails | |  1.2
Dodging        | |  3.2
Stealth        | |  2.6

Action                   |  1- 3 |  4- 6 || total
-------------------------+-------+-------++-------
Melee: Whip              |   179 |   103 ||   282
       Headbutt          |    24 |    12 ||    36
  Use: Potion            |     4 |     4 ||     8
       Scroll            |     1 |     4 ||     5
 Stab: Sleeping          |     2 |       ||     2
       Distracted        |       |     1 ||     1
  Eat: Chunk             |     3 |       ||     3
       Ration            |       |     1 ||     1
Armor: Robe              |     9 |       ||     9
       Ring mail         |    17 |       ||    17
       Plate armour      |    58 |    99 ||   157
Dodge: Dodged            |    64 |     8 ||    72
Block: Shield            |    20 |    42 ||    62
